 Dungeon Crawl Stone Soup version 0.18.0-1-g0107ab7 (webtiles) character file.

126 senseless the Ducker (level 4, -4/34 HPs)
             Began as a Demonspawn Gladiator on May 5, 2016.
             Slain by a gnoll
             ... wielding a +0 whip
              (7 damage)
             ... on level 3 of the Dungeon.
             The game lasted 00:04:47 (1594 turns).

senseless the Ducker (Demonspawn Gladiator)         Turns: 1594, Time: 00:04:47

Health: -4/34      AC: 13    Str: 15    XL:     4   Next: 84%
Magic:  4/4        EV:  5    Int:  9    God:
Gold:   20         SH:  0    Dex: 15    Spells: 0 memorised, 3 levels left

rFire  + . .     SeeInvis .     a - +0 flail
rCold  . . .     Gourm    .     i - +0 plate armour
rNeg   . . .     Faith    .     (no shield)
rPois  .         Spirit   .     c - +0 helmet
rElec  .         Dismiss  .     e - +1 cloak (curse)
rCorr  .         Reflect  .     (no gloves)
SustAt .         Harm     .     (no boots)
MR     .....                    (no amulet)
Stlth  ..........               (no ring)
                                m - ring of stealth

@: not resistant to hostile enchantments, extremely unstealthy
A: claws 1, fire resistance 1
a: no special abilities


You were on level 3 of the Dungeon.
You were not hungry.

You visited 1 branch of the dungeon, and saw 3 of its levels.

You collected 20 gold pieces.

Inventory:

Hand Weapons
 a - a +0 flail (weapon)
Missiles
 d - 3 throwing nets (quivered)
Armour
 b - a +0 leather armour
 c - a +0 helmet (worn)
 e - a cursed +1 cloak (worn)
 i - a +0 plate armour (worn)
Jewellery
 m - a ring of stealth (left claw)
Scrolls
 g - 2 scrolls of identify
 l - a scroll of teleportation
Potions
 h - 2 potions of flight
 k - a potion of heal wounds {unknown}
 n - a potion of agility {unknown}
 q - a potion of cancellation {unknown}
Books
 p - a book of the Dragon

   Spells                             Type                      Level
   a - Flame Tongue                   Conjuration/Fire             1
   b - Cause Fear                     Hexes                        4
   c - Bolt of Fire                   Conjuration/Fire             6
   d - Dragon Form                    Transmutation                7
   e - Dragon's Call                  Summoning                    9
Comestibles
 f - 2 bread rations
 j - 2 beef jerkies
 r - a slice of pizza


   Skills:
 + Level 2.9 Fighting
 + Level 3.3 Maces & Flails
 + Level 1.8 Throwing
 + Level 1.1 Armour
 + Level 3.5 Dodging
 + Level 1.3 Stealth


You had 3 spell levels left.
You didn't know any spells.

Dungeon Overview and Level Annotations

Branches:
Dungeon (3/15)

Altars:


Innate Abilities, Weirdness & Mutations

You have sharp fingernails.
Your flesh is heat resistant.


Message History

You hit the gnoll but do no damage.
The gnoll is severely wounded.
The gnoll hits you but does no damage. The gnoll barely misses you.
The gnoll hits you with a whip.
* * * LOW HITPOINT WARNING * * *
The gnoll hits you but does no damage.
Your plate armour prevents you from hitting the gnoll.
The gnoll is severely wounded.
The gnoll barely misses you. x2; The gnoll hits you but does no damage. x2
You closely miss the gnoll.
The gnoll is severely wounded.
The gnoll hits you but does no damage. The gnoll completely misses you.
The gnoll hits you but does no damage. The gnoll barely misses you.
The gnoll hits you but does no damage.
You closely miss the gnoll.
The gnoll is severely wounded.
The gnoll hits you but does no damage. The gnoll hits you with a flail.
* * * LOW HITPOINT WARNING * * *
The gnoll hits you but does no damage. The gnoll hits you with a whip!
You die...

#. #.# #.# #.#
#.# #####.#####
#.........#
#.##...##g######.
+....<...@gg.....
#.##...##g####...
#.........#
####.......
#..####.# #..# .#
#... .# #.## .#


You could see 4 gnolls.

Vanquished Creatures
  A gnoll shaman (D:3)
  A gnoll (D:3)
  4 adders (D:2)
  An ooze (D:2)
  A worm (D:2)
  2 dart slugs
  2 giant geckos
  2 bats
  3 giant cockroaches (D:1)
  5 goblins
  8 hobgoblins
  A giant newt (D:1)
  6 kobolds
  3 rats
40 creatures vanquished.

Notes
Turn   | Place    | Note
--------------------------------------------------------------
     0 | D:1      | senseless the Demonspawn Gladiator began the quest for the Orb.
     0 | D:1      | Reached XP level 1. HP: 16/16 MP: 1/1
   148 | D:1      | Gained mutation: You have sharp fingernails. [demonic ancestry]
   148 | D:1      | Reached XP level 2. HP: 16/22 MP: 2/2
   664 | D:2      | Gained mutation: Your flesh is heat resistant. [demonic ancestry]
   664 | D:2      | Reached XP level 3. HP: 22/28 MP: 3/3
  1169 | D:2      | Reached XP level 4. HP: 27/34 MP: 4/4
  1434 | D:2      | Reached skill level 1 in Stealth
  1589 | D:3      | Reached skill level 1 in Armour
  1594 | D:3      | Slain by a gnoll

Skill      XL: |  1  2  3  4 |
---------------+-------------+-----
Dodging        | 3 |  3.5
Maces & Flails | 3 |  3.3
Stealth        | 1 |  1.3
Armour         | 1 |  1.1
Fighting       | |  2.9
Throwing       | |  1.8

Action                   |  1- 3 |  4- 6 || total
-------------------------+-------+-------++-------
Melee: Flail             |   109 |    48 ||   157
  Use: Scroll            |     2 |     2 ||     4
 Stab: Sleeping          |     3 |     2 ||     5
       Distracted        |     1 |     1 ||     2
  Eat: Chunk             |     1 |     1 ||     2
Armor: Leather armour    |    42 |     3 ||    45
       Plate armour      |       |    27 ||    27
Dodge: Dodged            |    79 |    32 ||   111
